Map: Ascension to Aiur LE

Players

Indy - Winner!

  • Race: Protoss Protoss
  • League: Grandmaster
  • Spawn Location: 11:00

A.I. 1 (Very Easy)

  • Race: Terran Terran
  • Spawn Location: 5:00

VOD

Have the link to the VOD?

Description

Time

  • Played on: Dec. 21, 2017, 12:08 p.m.
  • Length: 12:35
Show
View Real Time Build Order
Export as new Build Order

Indy Protoss - Winner!

Build Orders: 1 Gate Expand 

Get SALT Encoding   

  12  0:00  Probe  
  13  0:12  Probe  
  14  0:17  Pylon  
  14  0:24  Probe (Chrono Boost)  
  15  0:36  Probe (Chrono Boost)  
  15  0:38  Gateway  
  16  0:45  Assimilator  
  16  0:46  Probe (Chrono Boost)  
  17  0:53  Probe  
  18  1:05  Probe  
  19  1:17  Probe  
  20  1:23  Nexus  
  20  1:32  Cybernetics Core  
  20  1:35  Probe  
  21  1:43  Assimilator  
  21  1:48  Probe  
  22  1:55  Pylon  
  22  2:00  Probe  
  23  2:10  Stalker (Chrono Boost), Warp Gate  
  23  2:13  Probe  
  26  2:25  Probe, Robotics Facility  
  27  2:33  Stalker  
  27  2:35  Probe  
  30  2:38  Probe  
  31  2:48  Probe (Chrono Boost)  
  31  2:50  Probe (Chrono Boost)  
  33  3:00  Probe (Chrono Boost)  
  33  3:02  Probe (Chrono Boost)  
  35  3:08  Probe (Chrono Boost)  
  35  3:09  Probe (Chrono Boost)  
  37  3:13  Gateway  
  37  3:14  Probe, Observer (Chrono Boost)  
  37  3:15  Gateway  
  37  3:16  Probe  
  40  3:24  Pylon  
  40  3:26  Probe  
  41  3:28  Probe  
  41  3:29  Stalker, Observer (Chrono Boost)  
  45  3:38  Probe  
  46  3:42  Probe  
  46  3:43  Twilight Council  
  47  3:48  Assimilator  
  47  3:50  Probe, Assimilator  
  47  3:52  Observer  
  47  3:54  Probe  
  50  4:02  Probe  
  51  4:05  Pylon  
  51  4:06  Probe  
  51  4:08  Pylon  
  52  4:10  Observer  
  52  4:14  Probe  
  52  4:15  Blink (Chrono Boost)  
  53  4:18  Probe  
  53  4:22  Warp Prism  
  53  4:23  Stalker  
  58  4:33  Probe x2  
  58  4:36  Pylon  
  60  4:39  Stalker  
  60  4:40  Stalker  
  60  4:45  Pylon  
  64  4:54  Nexus  
  64  5:04  Sentry  
  64  5:05  Zealot  
  64  5:06  Zealot  
  70  5:07  Probe x2  
  70  5:13  Immortal  
  76  5:23  Gateway x2  
  76  5:27  Gateway  
  76  5:28  Probe  
  76  5:30  Probe  
  78  5:37  Stalker x2, Observer  
  78  5:40  Zealot  
  84  5:43  Probe x2  
  86  5:55  Robotics Bay  
  86  6:06  Probe x2, Immortal (Chrono Boost)  
  86  6:11  Charge  
  92  6:13  Probe  
  93  6:19  Gateway x2  
  93  6:23  Forge  
  93  6:30  Forge  
  93  6:31  Probe x3  
  96  6:38  Sentry x2  
  100  6:43  Pylon  
  100  6:45  Pylon  
  100  6:46  Pylon  
  100  6:50  Probe, Colossus (Chrono Boost)  
  109  7:01  Probe x2, Extended Thermal Lance  
  109  7:04  Assimilator  
  109  7:05  Probe, Assimilator, Protoss Ground Weapons Level 1 (Chrono Boost)  
  109  7:06  Pylon, Protoss Ground Armor Level 1 (Chrono Boost)  
  110  7:13  Probe x2  
  112  7:18  Photon Cannon  
  112  7:20  Pylon  
  112  7:21  Pylon  
  108  7:25  Probe  
  109  7:36  Observer  
  109  7:41  Colossus (Chrono Boost)  
  109  7:42  Pylon  
  115  7:55  Pylon  
  115  8:05  Nexus  
  115  8:08  Probe x3, Pylon  
  118  8:15  Stalker x4  
  118  8:16  Zealot x2  
  118  8:17  Zealot  
  132  8:20  Colossus (Chrono Boost)  
  132  8:22  Templar Archives  
  138  8:29  Assimilator  
  138  8:33  Pylon, Probe x3  
  138  8:34  Assimilator, Dark Shrine  
  141  8:45  Probe x3  
  144  8:50  Protoss Ground Weapons Level 2 (Chrono Boost)  
  144  8:51  Pylon  
  144  8:57  Protoss Ground Armor Level 2 (Chrono Boost), Immortal  
  146  9:08  Observer Gravitic Boosters  
  146  9:17  Zealot x6  
  146  9:18  Zealot x2  
  162  9:28  Immortal  
  166  9:45  Psionic Storm  
  164  9:48  High Templar x7  
  178  9:53  Zealot  
  178  9:56  Observer  
  178  9:57  Observer  
  180  10:03  Gateway  
  180  10:04  Gateway, Photon Cannon  
  180  10:05  Gravitic Drive  
  180  10:06  Gateway, Shield Battery  
  180  10:09  Gateway  
  180  10:12  Gateway x2, Immortal  
  184  10:36  High Templar x4  
  184  10:37  Zealot, High Templar x2  
  184  10:38  Zealot  
  200  11:03  Nexus  
  200  11:04  Pylon  
  200  11:07  Pylon  
  200  11:10  Assimilator  
  200  11:14  Assimilator  
  200  11:40  Photon Cannon  
  200  11:41  Pylon  
  200  12:13  Archon  
  200  12:14  Archon x2  
Show
View Real Time Build Order
Export as new Build Order

A.I. 1 (Very Easy) Terran 

Build Orders: Reaper Expand 

Get SALT Encoding   

  12  0:00  SCV  
  13  0:13  SCV  
  14  0:19  Supply Depot  
  14  0:46  Barracks  
  14  1:06  Command Center  
  14  1:33  Orbital Command, Marine  
  14  1:35  Supply Depot  
  14  1:39  Refinery  
  15  1:52  Refinery  
  15  1:59  SCV  
  16  2:11  SCV  
  17  2:19  Reaper  
  18  2:23  SCV  
  18  2:24  SCV  
  20  2:35  SCV  
  21  2:39  SCV  
  22  2:47  SCV  
  23  2:53  SCV  
  24  3:00  SCV  
  24  3:04  Marine  
  26  3:07  SCV  
  27  3:15  SCV, Refinery  
  28  3:22  Factory, SCV  
  29  3:47  SCV, Refinery  
  30  3:49  Marine  
  30  3:55  SCV  
  32  3:59  Supply Depot  
  32  4:02  SCV  
  33  4:07  Starport  
  33  4:08  Barracks Tech Lab  
  33  4:09  SCV  
  34  4:16  SCV  
  35  4:23  SCV  
  36  4:30  SCV  
  37  4:34  Supply Depot  
  37  4:35  Marauder  
  37  4:38  SCV  
  40  4:45  SCV, Starport Tech Lab  
  41  4:52  SCV  
  42  4:59  SCV  
  43  5:04  Raven  
  43  5:06  SCV  
  46  5:13  SCV  
  47  5:19  Marine  
  47  5:21  SCV  
  49  5:47  Raven  
  51  6:01  SCV  
  49  6:05  Marine  
  49  6:08  SCV  
  51  6:15  SCV  
  49  6:30  Raven  
  51  6:50  Marauder  
  53  7:00  SCV  
  53  7:12  SCV  
  50  7:19  SCV  
  48  7:27  SCV  
  49  7:34  SCV  
  50  7:41  SCV  
  51  7:48  SCV  
  52  7:55  SCV  
  52  8:02  SCV  
  53  8:38  SCV  
  53  9:00  SCV  
  53  9:22  Marine  
  54  9:27  Supply Depot  
  54  9:29  SCV  
  46  9:36  SCV  
  40  9:43  SCV  
  35  9:50  Viking  
  35  9:52  SCV  
  32  9:59  SCV  
  31  10:06  SCV  
  31  10:19  Hellion  
  31  10:20  SCV  
  34  10:28  Barracks  
  30  10:29  Supply Depot  
  30  10:34  Supply Depot  
  28  10:54  Supply Depot  
  28  11:19  Factory, Marine  
  28  11:20  Orbital Command  
  28  11:22  Supply Depot  
  29  11:38  Barracks Tech Lab  
  29  11:45  SCV  
  29  11:52  Supply Depot  
Tags
 
Add a new tag
Caveats
  • Supply blocks, unpowered buildings, or Contaminate may cause inaccurate times.
  • Supply counts are checked every 10 seconds.